 Dungeon Crawl Stone Soup version 0.29.1-1-gd02db6906a (webtiles) character file.

Game seed: 12322493099721678912

3233 infinitevox the Protected (level 9, -1/71 HPs)
             Began as a Demonspawn Hedge Wizard on Oct 17, 2022.
             Was a Follower of Wu Jian.
             Slain by an orc warrior
             ... wielding a +0 war axe
              (8 damage)
             ... in a bailey on Oct 18, 2022.
             The game lasted 00:59:48 (9612 turns).

infinitevox the Protected (Demonspawn Hedge Wizard) Turns: 9612, Time: 00:59:49

Health: -1/71      AC: 21    Str: 12    XL:     9   Next: 66%
Magic:  13/13      EV:  7    Int: 16    God:    Wu Jian [*.....]
Gold:   147        SH:  0    Dex: 15    Spells: 11/14 levels left

rFire   . . .      SeeInvis .   A - +3 falchion (vorpal)
rCold   + + .      Faith    .   (no shield)
rNeg    + . .      Spirit   .   j - +8 chain mail "Xuagac" {+Inv rC++}
rPois   +          Reflect  .   c - +0 hat
rElec   .          Harm     .   b - +1 cloak {rPois}
rCorr   .          Rampage  .   (no gloves)
Will    +....                   (no boots)
Stlth   ..........              (no amulet)
HPRegen 0.21/turn               e - ring of the Final Decision {Wiz rN+}
MPRegen 0.13/turn               (no ring)

@: no status effects
A: antennae 1, powered by death 1, demonic magic 2, strong-willed 1, poison
resistance, subdued magic 1
a: Renounce Religion, Evoke Invisibility


You were in a bailey.
You worshipped Wu Jian.
Wu Jian was aware of your devotion.
You visited 1 branch of the dungeon, and saw 8 of its levels.
You also visited: Sewer and Bailey.

You collected 448 gold pieces.
You spent 301 gold pieces at shops.

Inventory:

Hand Weapons
 m - the +4 dagger of Zuidargh {antimagic, Will+ Str-4 Dex+4}
   (You bought it in a shop on level 4 of the Dungeon)

   It reduces the magical energy of the wielder, and disrupts the spells and
   magical abilities of those it strikes.
   Natural abilities and divine invocations are not affected.
   Str:       It affects your strength (-4).
   Dex:       It affects your dexterity (+4).
   Will:      It increases your willpower.
 A - a +3 vorpal falchion (weapon)
Missiles
 q - 3 boomerangs
Armour
 b - a +1 cloak of poison resistance (worn)
 c - a +0 hat (worn)
 j - the +8 chain mail "Xuagac" (worn) {+Inv rC++}
   (You found it on level 2 of the Dungeon)

   rC:        It greatly protects you from cold.
   +Inv:      It lets you turn invisible.
 o - a +2 robe of fire resistance
Jewellery
 e - the ring of the Final Decision (left hand) {Wiz rN+}
   (You acquired it on level 7 of the Dungeon)

   [ring of wizardry]

   It improves your spell success rate.
   rN:        It protects you from negative energy.
Wands
 h - a wand of charming (1)
 s - a wand of flame (2)
 x - a wand of iceblast (9)
Scrolls
 i - a scroll of teleportation
 l - 2 scrolls of amnesia
 n - 3 scrolls of magic mapping
 v - a scroll of silence
 y - a scroll of immolation
 z - a scroll of brand weapon
Potions
 a - a potion of curing
 d - 2 potions of magic
 f - a potion of attraction
 k - 4 potions of mutation
 p - a potion of flight
 u - a potion of brilliance


   Skills:
 + Level 6.8 Fighting
 - Level 1.5(3.7) Short Blades
 * Level 5.3(5.4) Long Blades
 + Level 8.0 Armour
 - Level 3.0 Dodging
 - Level 3.0 Stealth
 - Level 3.0 Spellcasting
 - Level 1.0 Conjurations
 - Level 1.0 Summonings
 - Level 1.0 Translocations
 - Level 2.0 Evocations


You had 11 spell levels left.
You knew the following spells:

 Your Spells              Type           Power      Damage    Failure   Level
a - Magic Dart            Conj           16%        1d3       69%         1
b - Blink                 Tloc           8%         N/A       82%         2

Your spell library contained the following spells:

 Spells                   Type           Power      Damage    Failure   Level
 Necrotise                Necr           4%         1d4       82%         1
 Sandblast                Erth           2%         2d4       82%         1
 Slow                     Hex            4%         N/A       82%         1
 Call Imp                 Summ           4%         N/A       82%         2
 Static Discharge         Conj/Air       3%         3-4/arc   87%         2
 Ensorcelled Hibernation  Hex/Ice        2%         N/A       91%         2
 Passwall                 Tmut/Erth      0%         N/A       91%         2
 Gell's Gravitas          Tloc           4%         N/A       96%         3
 Lesser Beckoning         Tloc           4%         N/A       96%         3
 Teleport Other           Tloc           4%         N/A       96%         3
 Conjure Flame            Conj/Fire      3%         6-21      98%         3
 Mephitic Cloud           Conj/Pois/Air  2%         N/A       98%         3
 Stone Arrow              Conj/Erth      6%         3d7       98%         3
 Swiftness                Air            1%         N/A       99%         3
 Vampiric Draining        Necr           1%         2d6       99%         3
 Animate Dead             Necr           1%         N/A       100%        4
 Corpse Rot               Necr/Pois/Air  1%         N/A       100%        4
 Dispel Undead            Necr           1%         3d6       100%        4
 Agony                    Necr           1%         N/A       100%        5
 Lightning Bolt           Conj/Air       1%         1d12      100%        5
 Death Channel            Necr           0%         N/A       100%        6
 Dispersal                Tloc           2%         N/A       100%        6
 Haunt                    Necr/Summ      1%         N/A       100%        7
 Infestation              Necr           0%         N/A       100%        8
 Maxwell's Capacitive Co  Air            0%         ∞         100%        8


Dungeon Overview and Level Annotations

Branches:
Dungeon (8/15)             Temple (0/1) D:6           Sewer (visited)
 Bailey (1/1)
   Lair: D:8-11

Altars:
Hepliaklqana
Trog
Vehumet
Wu Jian
Xom

Shops:
D:1 **(   D:4 *

Annotations:
D:7 Prince Ribbit Bailey 2 runed translucent doors


Innate Abilities, Weirdness & Mutations

You have a pair of small antennae on your head.
You regenerate a little health from kills.
Spells you cast may paralyse nearby enemies.
You are strong-willed. (Will+)
Your system is resistant to poisons. (rPois)
Your spells are a little easier to cast, but a little less powerful.


Message History

You strike your helpless orc warrior from behind!
You hit your orc warrior but do no damage.
The orc warrior is no longer charmed.
The orc warrior is heavily wounded.
The orc warrior hits you with a +0 war axe!
* * * LOW HITPOINT WARNING * * *
The orc warrior hits you with a +0 war axe.
* * * LOW HITPOINT WARNING * * *
It was a potion of cancellation.
You feel magically purged.
The orc warrior hits you with a +0 war axe.
* * * LOW HITPOINT WARNING * * *
You closely miss the orc warrior.
The orc warrior is heavily wounded.
The orc warrior hits you but does no damage.
The orc warrior hits you with a +0 war axe.
* * * LOW HITPOINT WARNING * * *
You hit the orc warrior but do no damage.
The orc warrior is heavily wounded.
The orc warrior hits you but does no damage.
You hit the orc warrior.
The orc warrior is severely wounded.
The orc warrior hits you but does no damage.
The orc warrior barely misses you.
You hit the orc warrior.
The orc warrior is severely wounded.
The orc warrior barely misses you.
You hit the orc warrior but do no damage.
The orc warrior is severely wounded.
The orc warrior hits you but does no damage.
The orc warrior hits you with a +0 war axe.
* * * LOW HITPOINT WARNING * * *
You hit the orc warrior but do no damage.
The orc warrior is severely wounded.
The orc warrior hits you but does no damage.
The orc warrior barely misses you.
You closely miss the orc warrior.
You punch the orc warrior, but do no damage.
The orc warrior is severely wounded.
The orc warrior hits you with a +0 war axe!
You die...

##### ##### #...##
##.$.## .....## ##.....##
......#######.......##
8..8...........8..8..##
......................#
.....................$#
8......#++ #....@.8...#
....####~~ ####.o....##
....#o~~~~~~ #.....##♣
....# .8.. #....##.♣
##'## .. ##'###..♣♣ ~~.#
#.~~~...♣ ~~.# #.~~~...♣♣
~~.#~....∩....~#)~~~...∩♣
~~.##.........##.~~~...♣


You could see an orc warrior (fast).

Vanquished Creatures
  Pikel (D:6)
  Grinder (D:4)
  A wyvern (D:7)
  Duvessa (D:5)
  A water moccasin (D:5)
  2 orc warriors
  2 sky beasts
  An ice beast (D:6)
  2 ogres
  4 lemures (D:5)
  A phantom (D:5)
  3 bullfrogs
  A necrophage (D:6)
  2 scorpions
  Dowan (D:5)
  A killer bee (D:7)
  2 jellies
  An orc priest (D:5)
  Jessica (D:2)
  2 iguanas (D:5)
  3 orc wizards
  3 gnolls (D:6)
  6 river rats
  21 adders
  5 white imps
  2 ufetubi
  2 dart slugs
  13 orcs
  6 bats
  7 endoplasms
  A giant cockroach (D:2)
  16 goblins
  12 hobgoblins
  2 jackals (D:2)
  3 quokkas
  19 ball pythons
  3 frilled lizards
  15 kobolds
  29 rats
199 creatures vanquished.

Vanquished Creatures (collateral kills)
  Sigmund (D:5)
  A gnoll bouda (D:6)
  2 gnolls
  An adder (D:5)
  A shadow imp (D:6)
  A kobold (D:4)
7 creatures vanquished.

Vanquished Creatures (others)
  An orc warrior (Bailey)
  A bullfrog (D:6)
  An orc wizard (D:7)
  An orc (D:7)
4 creatures vanquished.

Grand Total: 210 creatures vanquished

Notes
Turn   | Place    | Note
-------+----------+-------------------------------------------
     0 | D:1      | infinitevox the Demonspawn Hedge Wizard began the quest for
                  | the Orb.
     0 | D:1      | Reached XP level 1. HP: 13/13 MP: 4/4
   118 | D:1      | Found Xam Tim's Assorted Antiques.
   218 | D:1      | Found Gaoripup's Assorted Antiques.
   294 | D:1      | Found Waegg's Weapon Emporium.
   377 | D:1      | Gained mutation: You have a pair of small antennae on your
                  | head. [demonic ancestry]
   377 | D:1      | Reached XP level 2. HP: 19/19 MP: 3/6
  1266 | D:1      | Reached XP level 3. HP: 16/24 MP: 7/7
  1575 | D:1      | Bought 2 scrolls labelled SIEDEOTAMEV for 56 gold pieces
  1575 | D:1      | Bought a scroll labelled MIET FAIKETE for 28 gold pieces
  1577 | D:1      | Gained mutation: You are robust. (+10% HP) [potion of
                  | mutation]
  1577 | D:1      | Gained mutation: You are weak. (Str -2) [potion of
                  | mutation]
  1577 | D:1      | Gained mutation: You possess an exceptional clarity of
                  | mind. [potion of mutation]
  1578 | D:1      | Lost mutation: You are weak. (Str -2) [potion of mutation]
  1578 | D:1      | Lost mutation: You are robust. (+10% HP) [potion of
                  | mutation]
  1578 | D:1      | Gained mutation: Your body sometimes deteriorates upon
                  | taking damage. [potion of mutation]
  1578 | D:1      | Gained mutation: You are resistant to electric shocks.
                  | (rElec) [potion of mutation]
  1880 | D:2      | Identified the +8 chain mail "Xuagac" {+Inv rC++}
  2137 | D:2      | Reached skill level 1 in Translocations
  2500 | D:2      | Noticed Jessica
  2512 | D:2      | Killed Jessica
  2513 | D:2      | Reached skill level 1 in Armour
  2513 | D:2      | Gained mutation: You regenerate a little health from kills.
                  | [demonic ancestry]
  2513 | D:2      | Reached XP level 4. HP: 30/30 MP: 5/8
  3063 | D:3      | Noticed an eye of devastation
  3075 | D:3      | Found a faded altar of an unknown god.
  3077 | D:3      | Noticed a floating eye
  3078 | D:3      | Noticed a golden eye
  3079 | D:3      | Noticed a great orb of eyes
  3120 | D:3      | Reached skill level 1 in Evocations
  3335 | D:3      | Reached skill level 2 in Armour
  3340 | D:3      | Reached XP level 5. HP: 31/35 MP: 9/9
  3344 | D:3      | Found a glowing drain.
  3352 | Sewer    | Entered a sewer
  3801 | Sewer    | Reached skill level 3 in Armour
  3852 | Sewer    | Lost mutation: Your body sometimes deteriorates upon taking
                  | damage. [potion of mutation]
  3852 | Sewer    | Lost mutation: You are resistant to electric shocks.
                  | (rElec) [potion of mutation]
  3852 | Sewer    | Lost mutation: You possess an exceptional clarity of mind.
                  | [potion of mutation]
  3852 | Sewer    | Gained mutation: Your system is resistant to poisons.
                  | (rPois) [potion of mutation]
  3852 | Sewer    | Gained mutation: Your spells are a little easier to cast,
                  | but a little less powerful. [potion of mutation]
  3852 | Sewer    | Gained mutation: You are strong-willed. (Will+) [potion of
                  | mutation]
  3935 | Sewer    | Reached skill level 1 in Fighting
  3935 | Sewer    | Reached XP level 6. HP: 40/43 MP: 10/10
  3970 | Sewer    | Reached skill level 4 in Armour
  4406 | D:4      | Found a shimmering altar of Xom.
  4439 | D:4      | Found Omeenoo's Assorted Antiques.
  4754 | D:4      | Noticed Grinder
  4924 | D:4      | Found an ornate altar of the Wu Jian Council.
  4925 | D:4      | Found a bloodstained altar of Trog.
  4939 | D:4      | Gained mutation: Spells you cast may paralyse adjacent
                  | enemies. [demonic ancestry]
  4939 | D:4      | Reached XP level 7. HP: 45/49 MP: 11/11
  4983 | D:4      | Reached skill level 5 in Armour
  5129 | D:4      | Killed Grinder
  5309 | D:4      | Learned a level 2 spell: Blink
  5537 | D:5      | Entered Level 5 of the Dungeon
  5592 | D:5      | Reached skill level 6 in Armour
  5642 | D:5      | Gained mutation: Spells you cast may paralyse nearby
                  | enemies. [demonic ancestry]
  5642 | D:5      | Reached XP level 8. HP: 31/58 MP: 12/12
  5879 | D:5      | Found a radiant altar of Vehumet.
  5899 | D:5      | Reached skill level 7 in Armour
  6119 | D:5      | Noticed Dowan
  6119 | D:5      | Noticed Duvessa
  6154 | D:5      | Killed Dowan
  6404 | D:4      | Bought a masterwork dagger for 217 gold pieces
  6404 | D:4      | Identified the +4 dagger of Zuidargh {antimagic, Will+
                  | Str-4 Dex+4} (You bought it in a shop on level 4 of the
                  | Dungeon)
  6510 | D:5      | Killed Duvessa
  6842 | D:5      | Noticed Sigmund
  6852 | D:5      | Killed Sigmund
  6891 | D:5      | Reached skill level 5 in Fighting
  6891 | D:5      | Reached skill level 8 in Armour
  7056 | D:5      | Found a hazy altar of Hepliaklqana.
  7332 | D:5      | Reached skill level 1 in Short Blades
  7520 | D:4      | Became a worshipper of the Wu Jian Council
  7622 | D:6      | Noticed Pikel
  8122 | D:6      | Reached skill level 1 in Long Blades
  8122 | D:6      | Reached XP level 9. HP: 56/65 MP: 13/13
  8237 | D:6      | Killed Pikel
  8437 | D:6      | Found a staircase to the Ecumenical Temple.
  8883 | D:7      | Noticed Prince Ribbit
  8988 | D:7      | Identified a scroll of acquirement
  8988 | D:7      | Acquired the ring of the Final Decision {Wiz rN+}
  9358 | D:7      | Found a flagged portal.
  9379 | Bailey   | Entered a bailey
  9385 | Bailey   | Noticed an orc warlord
  9395 | Bailey   | Reached * piety under Wu Jian
  9458 | Bailey   | Reached skill level 5 in Long Blades
  9520 | Bailey   | Found a runed translucent gate.
  9523 | Bailey   | Found a runed translucent gate.
  9612 | Bailey   | Slain by an orc warrior

Illustrated notes

Levels and vault maps discovered:
D:1:      dpeg_arrival_rooms_b, layout_basic, serial_shops, shop_statue,
          nicolae_shop_bloodbath_and_beyond, shop, patterned_corridor
D:2:      layout_basic, serial_rivers, chequers_serial_rivers_small_3,
          chequers_serial_rivers_marsh, chequers_serial_rivers_micro_d,
          chequers_serial_rivers_small_b, uniq_jessica
D:3:      layout_basic, hellmonk_ecumenical_altar_watching_god,
          portal_sewer_entry_b
D:4:      minmay_chambers_of_twos, layout_rooms,
          mainiacjoe_overflow_small_starburst, mainiacjoe_overflow_divided_tiny,
          nicolae_inconvenience_store, uniq_grinder
D:5:      layout_cave_pools, mainiacjoe_overflow_alcove_1,
          worldfamousw_hep_ancestral_shrine, fountainhead,
          hangedman_decor_clover_reticule, uniq_duvessa, uniq_sigmund
D:6:      layout_rooms, minmay_temple_entry_drinking_statues, uniq_pikel
D:7:      layout_loops_ring, mainiacjoe_overflow_surrounded_room,
          enter_bailey_5, grunt_ministairs_9, minmay_ruffians, uniq_maggie,
          uniq_prince_ribbit1
D:8:      layout_basic, grunt_lair_entry_orc_guard_hut, serial_shops,
          shop_coins, uniq_erica, uniq_amaemon
Bailey:   bailey_axe_bossmonster_kennysheep, bailey

Skill      XL: |  1  2  3  4  5  6  7  8  9 |
---------------+----------------------------+-----
Dodging        | 2 3 |  3.0
Stealth        | 2 3 |  3.0
Translocations | 1 |  1.0
Armour         | 1 2 3 4 6 8 |  8.0
Evocations     | 1 2 |  2.0
Fighting       | 1 3 5 6 |  6.8
Short Blades   | 1 |  1.5
Long Blades    | 1 5 |  5.3
Spellcasting   | |  3.0
Conjurations   | |  1.0
Summonings     | |  1.0

Action                   |  1- 3 |  4- 6 |  7- 9 || total
-------------------------+-------+-------+-------++-------
Melee: Dagger            |   100 |   316 |   352 ||   768
       Punch             |       |     1 |     6 ||     7
       Falchion          |       |       |   208 ||   208
Throw: Stone             |       |     4 |       ||     4
 Cast: Magic Dart        |    46 |       |       ||    46
Invok: Lunge             |       |       |     4 ||     4
       Whirlwind         |       |       |     1 ||     1
Evoke: Wand              |       |     2 |    31 ||    33
  Use: Potion            |     5 |     4 |     5 ||    14
       Scroll            |     2 |     7 |    22 ||    31
 Stab: Sleeping          |     5 |       |       ||     5
       Invisible         |       |     5 |       ||     5
       Betrayed ally     |       |       |     2 ||     2
Armor: Robe              |     6 |       |       ||     6
       Chain mail        |    55 |   372 |   453 ||   880
       Skin              |     2 |       |       ||     2
Dodge: Dodged            |    35 |   130 |   186 ||   351
